 Dungeon Crawl Stone Soup version 0.29-a0-330-g52719c12eb (webtiles) character file.

Game seed: 13395188571950060676

1237 tilp the Frost Mage (level 8, 39/39 HPs)
             Began as a Felid Ice Elementalist on Apr 15, 2022.
             Was a Believer of Vehumet.
             Quit the game on level 10 of the Dungeon.
             The game lasted 00:19:58 (14374 turns).

tilp the Frost Mage (Felid Ice Elementalist)       Turns: 14374, Time: 00:19:59

Health: 39/39      AC:  6    Str:  4    XL:     8   Next: 24%
Magic:  16/16      EV: 19    Int: 21    God:    Vehumet [**....]
Gold:   550        SH:  0    Dex: 17    Spells: 6/17 levels left
                                        Lives:  0   Deaths: 3

rFire   . . .      SeeInvis +     - Unarmed
rCold   . . .      Faith    +   (shield unavailable)
rNeg    . . .      Spirit   .   (body armour unavailable)
rPois   .          Reflect  .   (helmet unavailable)
rElec   .          Harm     .   (cloak unavailable)
rCorr   +          Rampage  .   (gloves unavailable)
Will    +....                   (boots unavailable)
Stlth   +++.......              u - amulet of faith
HPRegen 0.13/turn               j - ring of resist corrosion
MPRegen 0.15/turn               t - +4 ring of protection

@: quick
A: very small, claws 1, fangs 3, see invisible, speed 1, shaggy fur 2, stealthy
paws, no weapons or thrown items, no armour, multi-lived
a: Renounce Religion


You were on level 10 of the Dungeon.
You worshipped Vehumet.
Vehumet was pleased with you.
You visited 2 branches of the dungeon, and saw 11 of its levels.

You collected 638 gold pieces.
You spent 88 gold pieces at shops.

Inventory:

Jewellery
 j - a ring of resist corrosion (left paw)
 t - a +4 ring of protection (right paw)
 u - an amulet of faith (around neck)
Wands
 e - a wand of iceblast (1)
 q - a wand of flame (11)
Scrolls
 a - 2 scrolls of torment
 m - a scroll of immolation
 n - 3 scrolls of vulnerability
Potions
 b - 3 potions of curing
 c - a potion of berserk rage {unknown}
 d - 6 potions of lignification
 f - a potion of haste
 g - 2 potions of flight
 h - 5 potions of attraction
 i - 3 potions of heal wounds
 k - a potion of mutation
 l - 3 potions of brilliance
 r - a potion of cancellation


   Skills:
 * Level 6.4 Fighting
 + Level 4.4 Dodging
 + Level 6.4 Stealth
 * Level 3.0 Unarmed Combat
 - Level 5.0 Spellcasting
 - Level 8.0 Conjurations
 - Level 8.0 Ice Magic
 + Level 4.3 Evocations


You had 6 spell levels left.
You knew the following spells:

 Your Spells              Type           Power      Damage    Failure   Level
a - Freeze                Ice            100%       1d11      1%          1
b - Frozen Ramparts       Ice            76%        1d9       1%          3
c - Ozocubu's Armour      Ice            38%        N/A       1%          3
d - Hailstorm             Conj/Ice       38%        3d9       4%          4

Your spell library contained the following spells:

 Spells                   Type           Power      Damage    Failure   Level
 Static Discharge         Conj/Air       22%        N/A       3%          2
 Mephitic Cloud           Conj/Pois/Air  16%        N/A       11%         3
 Ignite Poison            Fire/Tmut/Pois 5%         N/A       32%         3
 Freezing Cloud           Conj/Ice/Air   13%        6-21      34%         5
 Lightning Bolt           Conj/Air       11%        1d24      50%         5
 Airstrike                Air            2%         N/A       71%         4
 Summon Lightning Spire   Summ/Air       5%         N/A       71%         4


Dungeon Overview and Level Annotations

Branches:
Dungeon (10/15)            Temple (1/1) D:4            Lair (0/6) D:9
    Orc: D:9-12

Altars:
Ashenzari
Cheibriados
Dithmenos
Elyvilon
Fedhas
Gozag
Hepliaklqana
Kikubaaqudgha
Okawaru
Qazlal
Ru
Sif Muna
Trog
Uskayaw
Vehumet
Wu Jian
Xom
Yredelemnul
Zin
The Shining One

Shops:
D:2 (   D:5 *   D:8 [!*:   D:10 [

Annotations:
D:6 wight-infested
D:9 exclusion: troll


Innate Abilities, Weirdness & Mutations

You have sharp claws.
You have razor-sharp teeth.
You have supernaturally acute eyesight. (SInv)
You cover ground quickly. (Speed+)
You are covered in thick fur. (AC +2)
Your paws help you pounce on unaware monsters.
You are incapable of wielding weapons or throwing items.
You cannot wear armour.
You gain extra lives every three experience levels.


Message History

Press: ? - help, Dir - look around, f - activate A cannonade of hail descends around you!
The hail pelts the vampire.
The vampire is severely damaged.
Unknown command.
Unknown command.
Unknown command.
Unknown command.
You scratch the vampire. Your bite misses the vampire.
The vampire is severely damaged.
The vampire misses you. The vampire closely misses you.
You barely miss the vampire.
The vampire is severely damaged.
The vampire hits you. The vampire completely misses you.
You scratch the vampire.
The vampire is almost destroyed.
You barely miss the vampire.
The vampire is almost destroyed.
The vampire gestures at you while chanting.
You are confused.
You scratch the vampire. You bite the vampire, but do no damage.
The vampire is almost destroyed.
The vampire barely misses you. The vampire closely misses you.
The vampire draws life force from you!
* * * LOW HITPOINT WARNING * * *
The vampire is healed by the life force!
The vampire draws life force from you.
* * * LOW HITPOINT WARNING * * *
The vampire is healed by the life force!
You bump into the metal wall.
The vampire hits you but does no damage.
The vampire bites you but does no damage.
You feel less confused. The vampire hits you.
You die...
The vampire barely misses you.
You are now level 8!
You rejoin the land of the living...
Unknown command.
Are you sure you want to abandon this character and quit the game? (Confirm with "yes".)

...........##########..
#+#........#....... .
.<#........#......#
..#........#......+
..#........'......#
..#........#......#
..#........#......#
..#........#......+
..#........#....@.#
###...>....#......#
...$.......#......#
...........#......#
...........########
............
###........ #........
#........


There were no monsters in sight!

Vanquished Creatures
  Pikel (D:9)
  A troll (D:10)
  A hornet (D:9)
  A slime creature (D:9)
  A wyvern (D:9)
  A wraith (D:9)
  5 steam dragons
  6 yaks
  A swamp worm (D:10)
  Edmund (D:5)
  3 water moccasins
  4 black bears
  An orc warrior (D:9)
  An ogre (D:6)
  A centaur (D:9)
  3 phantoms
  2 kobold brigands
  4 bullfrogs
  2 necrophages
  2 scorpions
  6 killer bees
  5 howler monkeys
  An electric eel (D:8)
  A quasit (D:7)
  3 hounds
  2 jellies
  3 orc priests
  3 iguanas
  5 orc wizards
  5 adders
  5 gnolls
  A shadow imp (D:6)
  2 worms (D:3)
  3 dart slugs
  19 orcs
  7 ball pythons
  8 bats
  4 endoplasms
  A giant cockroach (D:1)
  9 hobgoblins
  5 jackals
  5 quokkas
  3 frilled lizards
  5 goblins
  2 goblin skeletons (D:7)
  5 hobgoblin zombies (D:7)
  9 kobolds
  A kobold zombie (D:7)
  2 orc skeletons (D:7)
  6 rats
178 creatures vanquished.

Vanquished Creatures (others)
  40 fungi (D:9)
  68 plants
108 creatures vanquished.

Grand Total: 286 creatures vanquished

Notes
Turn   | Place    | Note
-------+----------+-------------------------------------------
     0 | D:1      | tilp the Felid Ice Elementalist began the quest for the
                  | Orb.
     0 | D:1      | Reached XP level 1. HP: 7/7 MP: 4/4
    55 | D:1      | Reached XP level 2. HP: 12/12 MP: 3/6
   564 | D:1      | Reached skill level 1 in Fighting
   715 | D:1      | Reached XP level 3. HP: 15/15 MP: 5/7
   719 | D:1      | Learned a level 3 spell: Frozen Ramparts
  1703 | D:2      | Learned a level 3 spell: Ozocubu's Armour
  1716 | D:2      | Reached XP level 4. HP: 19/19 MP: 4/8
  2088 | D:2      | Found Qoeciu's Weapon Boutique.
  2140 | D:2      | Found a faded altar of an unknown god.
  3085 | D:3      | Found an iron altar of Okawaru.
  3147 | D:3      | Found a shimmering altar of Xom.
  3220 | D:3      | Found a basalt altar of Yredelemnul.
  3479 | D:4      | Noticed a kobold brigand
  3612 | D:4      | Killed a kobold brigand
  3613 | D:4      | Reached skill level 5 in Ice Magic
  3613 | D:4      | Reached XP level 5. HP: 12/22 MP: 8/10
  4727 | D:4      | Gained mutation: You are covered in thick fur. (AC +2)
                  | [Felid growth]
  4727 | D:4      | Reached XP level 6. HP: 26/26 MP: 3/11
  5002 | D:4      | Learned a level 4 spell: Hailstorm
  5070 | D:4      | Found a staircase to the Ecumenical Temple.
  5094 | Temple   | Entered the Ecumenical Temple
  5473 | D:4      | Found a sacrificial altar of Ru.
  5650 | D:4      | Found a radiant altar of Vehumet.
  5885 | D:4      | Became a worshipper of Vehumet
  6215 | D:5      | Entered Level 5 of the Dungeon
  6232 | D:5      | Reached skill level 1 in Unarmed Combat
  6451 | D:5      | Found a shimmering blue altar of Sif Muna.
  6496 | D:5      | Reached XP level 7. HP: 31/31 MP: 4/12
  6569 | D:5      | Noticed Edmund
  6582 | D:5      | Killed Edmund
  6680 | D:5      | Found Deuloun's Desiderata Depot.
  7227 | D:5      | Reached skill level 5 in Stealth
  7408 | D:6      | Reached skill level 1 in Conjurations
  7556 | D:6      | Reached XP level 8. HP: 33/36 MP: 5/13
  7996 | D:6      | Found a bloodstained altar of Trog.
  8122 | D:6      | Found a blossoming altar of Fedhas.
  9265 | D:7      | Found a glowing golden altar of the Shining One.
  9351 | D:7      | Reached * piety under Vehumet
  9351 | D:7      | Offered knowledge of Sandblast by Vehumet.
  9352 | D:7      | Reached skill level 5 in Fighting
 10034 | D:7      | Found a white marble altar of Elyvilon.
 10094 | D:7      | Reached XP level 9. HP: 40/40 MP: 9/16
 10463 | D:8      | Found Zoyr's Assorted Antiques.
 10464 | D:8      | Found Isherhaze's Distillery.
 10465 | D:8      | Found Wethod's Armour Shoppe.
 10521 | D:8      | Reached skill level 1 in Evocations
 10521 | D:8      | Killed from afar by an electric eel
 10522 | D:8      | Reached XP level 8. HP: -3/37 MP: 4/15
 10650 | D:8      | Reached skill level 5 in Conjurations
 10667 | D:8      | Found Huxeocoop's Book Shoppe.
 10688 | D:8      | Bought a green potion for 23 gold pieces
 10696 | D:8      | Bought a potion of heal wounds for 65 gold pieces
 11388 | D:9      | Noticed a troll
 11534 | D:9      | Noticed a slime creature
 11534 | D:9      | Noticed a wizard
 11538 | D:9      | Noticed a hornet
 11568 | D:9      | Reached skill level 5 in Spellcasting
 11571 | D:9      | Offered knowledge of Static Discharge by Vehumet.
 11572 | D:9      | Reached XP level 9. HP: 32/41 MP: 2/17
 12001 | D:9      | Paralysed by a hornet for 2 turns
 12004 | D:9      | Reached ** piety under Vehumet
 12295 | D:9      | Noticed Pikel
 12301 | D:9      | Killed Pikel
 13052 | D:9      | Found a staircase to the Lair.
 13148 | D:9      | Reached XP level 10. HP: 45/45 MP: 4/18
 13295 | D:9      | Found an ornate altar of the Wu Jian Council.
 13541 | D:10     | Entered Level 10 of the Dungeon
 14075 | D:10     | Found Moisenech's Antique Armour Emporium.
 14282 | D:10     | Slain by a demonic crawler
 14283 | D:10     | Reached XP level 9. HP: -1/42 MP: 10/17
 14373 | D:10     | Slain by a vampire
 14374 | D:10     | Reached XP level 8. HP: -1/39 MP: 1/16
 14374 | D:10     | Quit the game

Illustrated notes

Levels and vault maps discovered:
D:1:      roderic_crop_circles_arrival_small, layout_loops_ring, hex_tiny,
          eino_curves_02, skrybe_limestone_x, minmay_ruptured
D:2:      layout_basic, serial_shops, nicolae_shop_behind_doors,
          hellmonk_ecumenical_altar_lost_god, minmay_stone_trees_small
D:3:      minmay_evil_eye, layout_basic, mainiacjoe_overflow_24_doors,
          mainiacjoe_overflow_two_lobes
D:4:      layout_layer_cave, kennysheep_little_box, vehumet_crystals,
          minmay_temple_entry_trees
D:5:      layout_rooms, lemuel_blue_sif_altar, roderic_batcave,
          nicolae_alphabet_shops, chequers_serial_rivers_small_b,
          serial_bayou_pond_d, uniq_edmund
D:6:      layout_gridville, fedhas_altar_2, trog_three_pillars_becter,
          serial_glass, glass_columns_a, glass_columns_b, glass_columns_b,
          glass_columns_a, glass_columns_a, glass_columns_b, glass_columns_c,
          glass_columns_b, glass_columns_c, glass_columns_a, glass_columns_a,
          glass_columns_c, glass_columns_a, glass_columns_b,
          minmay_misc_feat_square
D:7:      layout_loops_ring, old_standard_altar, nicolae_tso_besieged_by_evil
D:8:      layout_rooms, serial_aquarium, aquarium_bridge_straight
          [aquarium_subvault_bridge, aquarium_subvault_wall,
          aquarium_subvault_bridge, aquarium_subvault_window],
          aquarium_window_corner, aquarium_window_corridor_1, aquarium_window_1,
          aquarium_view_2e, aquarium_view_2g, aquarium_balcony_1b,
          nicolae_concentric_dashed_squares_wild, minmay_shop_grid_forest,
          serial_bayou_pond_b, lemuel_flamethrower_1
D:9:      layout_basic, nicolae_wu_jian_glorious_leap,
          due_lair_maze_entry_diamond, lightli_fourway_metalbox, uniq_pikel
D:10:     layout_irregular_city, jmf_multi_god_temple, orc_0_dummy,
          serial_shops, nicolae_shop_hallway_plus, gammafunk_ghost_grave,
          worms_lemuel, uniq_fannar
Temple:   dpeg_three_leaves_temple

Skill      XL: |  1  2  3  4  5  6  7  8  9 10 |
---------------+-------------------------------+-----
Ice Magic      | 4 5 6 8 |  8.0
Fighting       | 1 2 3 4 6 |  6.4
Spellcasting   | 3 5 |  5.0
Dodging        | 3 4 |  4.4
Stealth        | 3 6 |  6.4
Unarmed Combat | 1 2 3 |  3.0
Conjurations   | 1 5 7 8 |  8.0
Evocations     | 2 4 |  4.3

Action                   |  1- 3 |  4- 6 |  7- 9 | 10-12 || total
-------------------------+-------+-------+-------+-------++-------
Melee: Unarmed           |    26 |    47 |   215 |    14 ||   302
       Bite              |     4 |     4 |    24 |     5 ||    37
       Punch             |       |     1 |     5 |     1 ||     7
 Cast: Freeze            |    45 |    38 |    65 |     5 ||   153
       Frozen Ramparts   |     1 |    18 |    38 |     6 ||    63
       Ozocubu's Armour  |       |    11 |    43 |     6 ||    60
       Hailstorm         |       |       |    28 |    10 ||    38
Evoke: Wand              |       |       |     5 |     2 ||     7
  Use: Scroll            |     4 |     9 |     8 |     2 ||    23
       Potion            |       |     2 |     2 |       ||     4
 Stab: Sleeping          |     9 |     4 |     6 |       ||    19
Armor: Skin              |       |     8 |    74 |    10 ||    92
Dodge: Dodged            |    31 |    58 |   250 |    25 ||   364

Table legend: (Time is in decaauts)
 A = Elapsed time spent in this place.
 B = Non-inter-level travel time spent in this place.
 C = Inter-level travel time spent in this place.
 D = Time resting spent in this place.
 E = Time spent auto-exploring this place.
 F = Levels seen in this place.
 G = Mean time per level.
                   A        B        C        D        E       F      G
               +--------+--------+--------+--------+--------+-----+--------+
         Total |  12990 |  12524 |    466 |   3131 |   7524 |  11 | 1180.9 |
       Dungeon |  12883 |  12423 |    460 |   3131 |   7524 |  10 | 1288.3 |
        Temple |    107 |    102 |      5 |      0 |      0 |   1 |  107.0 |
               +--------+--------+--------+--------+--------+-----+--------+

Top non-repeatable levels by time:
     D:4: 2272 daAuts
     D:9: 1710 daAuts
     D:1: 1467 daAuts
     D:5: 1329 daAuts
     D:3: 1287 daAuts
     D:7: 1213 daAuts
     D:8: 1203 daAuts
     D:6: 949 daAuts
     D:2: 796 daAuts
    D:10: 652 daAuts
  Temple: 107 daAuts
